 Dungeon Crawl Stone Soup version 0.25.0-8-gfd19cd77bd (webtiles) character file.

Game seed: 11554266952467830569

37 Delamore the Cudgeler (level 3, -3/23 HPs)
             Began as a Gargoyle Fighter on June 16, 2020.
             Was a Follower of Cheibriados.
             Slain by a gnoll
             ... wielding a +0 halberd
              (6 damage)
             ... on level 2 of the Dungeon.
             The game lasted 00:01:14 (790 turns).

Delamore the Cudgeler (Gargoyle Fighter)             Turns: 790, Time: 00:01:15

Health: -3/23      AC: 10    Str: 22    XL:     3   Next: 39%
Magic:  3/3        EV:  7    Int: 10    God:    Cheibriados [*.....]
Gold:   50         SH:  9    Dex: 11    Spells: 2/2 levels left

rFire    . . .     SeeInvis .   a - +0 flail
rCold    . . .     Gourm    .   c - +0 kite shield
rNeg     + . .     Faith    .   b - +0 scale mail
rPois    ∞         Spirit   .   (no helmet)
rElec    +         Reflect  .   (no cloak)
rCorr    .         Harm     .   (no gloves)
MR       .....                  (no boots)
Stlth    ..........             (no amulet)
HPRegen  0.07/turn              (no ring)
MPRegen  0.08/turn              (no ring)

@: very slow
A: negative energy resistance 1, electricity resistance, unbreathing,
petrification resistance, rot immunity, AC +3
a: Bend Time, Renounce Religion


You were on level 2 of the Dungeon.
You worshipped Cheibriados.
Cheibriados was aware of your devotion.
You were not hungry.

You visited 1 branch of the dungeon, and saw 2 of its levels.

You collected 50 gold pieces.

Inventory:

Hand Weapons
 a - a +0 flail (weapon)
Armour
 b - a +0 scale mail (worn)
 c - a +0 kite shield (worn)
Scrolls
 h - 2 scrolls of identify {unknown}
 i - a scroll of fear {unknown}
 k - a scroll of blinking {unknown}
 n - a scroll of magic mapping {unknown}
 o - a scroll of amnesia {unknown}
Potions
 d - a potion of might
 e - a potion of brilliance {unknown}
 j - a potion of invisibility {unknown}
 l - a potion of berserk rage {unknown}
 m - a potion of magic {unknown}
Comestibles
 f - 3 rations
 g - 7 chunks of flesh


   Skills:
 - Level 3.2 Fighting
 + Level 3.6 Maces & Flails
 - Level 3.2 Armour
 - Level 3.3 Shields


You had 2 spell levels left.
You didn't know any spells.
Your spell library was empty.

Dungeon Overview and Level Annotations

Branches:
Dungeon (2/15)

Altars:
Cheibriados
Kikubaaqudgha


Innate Abilities, Weirdness & Mutations

You are resistant to torment.
Your stone body is resilient. (AC +3)
You are immune to poison.
You resist negative energy. (rN+)
You are resistant to electric shocks. (rElec)
You can survive without breathing.
You are immune to petrification.
You are immune to rotting.


Message History

The gnoll is severely wounded.
You block the gnoll's attack. x2
The gnoll hits you from afar with a +0 spear.
The dart slug launches a dart at you. The slug dart hits you.
The gnoll hits you from afar with a +0 halberd.
* * * LOW HITPOINT WARNING * * *
You are too injured to fight recklessly!
You are too injured to fight recklessly!
You are too injured to fight recklessly!
You are too injured to fight recklessly!
You are too injured to fight recklessly!
You are too injured to fight recklessly!
You are too injured to fight recklessly!
You are too injured to fight recklessly!
You are too injured to fight recklessly!
You are too injured to fight recklessly!
You are too injured to fight recklessly!
The gnoll hits you with a +0 halberd.
You die...

##............. #..............
#### #<.)........... #...
#.............. #...
#.............. #...
#........g..... #...
#.....wgggw.... ###... #...@.#
##..... #..####.## ##......
##.# #.# #...)♣♣♣ #####..# #.#
#.♣♣.♣ ♣ ###......# #.#
#.♣♣♣♣♣♣ #.<..###.## #.#
##.♣♣♣♣♣. #....# #..# #.#
####†(.♣♣.♣♣ #....####.####.#
###.....♣♣♣..♣
#........_..##.###..÷##...♣_.♣.


You could see a worm, 4 gnolls and a dart slug.

Vanquished Creatures
  An adder (D:2)
  A dart slug (D:1)
  2 ball pythons
  A giant cockroach (D:1)
  3 goblins
  2 hobgoblins (D:1)
  3 jackals (D:1)
  2 kobolds
  3 frilled lizards (D:1)
  9 rats
27 creatures vanquished.

Notes
Turn   | Place    | Note
-------+----------+-------------------------------------------
     0 | D:1      | Delamore the Gargoyle Fighter began the quest for the Orb.
     0 | D:1      | Reached XP level 1. HP: 14/14 MP: 1/1
   181 | D:1      | Reached XP level 2. HP: 19/19 MP: 2/2
   647 | D:2      | Found an ancient bone altar of Kikubaaqudgha.
   664 | D:2      | Reached XP level 3. HP: 23/23 MP: 3/3
   747 | D:2      | Found a faded altar of an unknown god.
   751 | D:2      | Became a worshipper of Cheibriados the Contemplative
   751 | D:2      | Reached * piety under Cheibriados
   790 | D:2      | Slain by a gnoll

Illustrated notes

Levels and vault maps discovered:
D:1:      dpeg_arrival_ratfight, layout_basic, hangedman_decor_growths
D:2:      layout_rooms, lemuel_crystal_altar, chequers_ecumenical_altar_grove

Skill      XL: |  1  2 |
---------------+-------+-----
Maces & Flails | 3 |  3.6
Fighting       | |  3.2
Armour         | |  3.2
Shields        | |  3.3

Action                   || total
-------------------------++-------
Melee: Flail             ||    83
Armor: Scale mail        ||    39
Dodge: Dodged            ||    31
Block: Kite shield       ||    40
